 Dungeon Crawl Stone Soup version 0.31-a0-1010-g5322dac6a2 (webtiles) character file.

Game seed: 9833330016354317299

4 kae the Vexing (level 1, 0/13 HPs)
             Began as a Demonspawn Enchanter on Nov 16, 2023.
             Slain by a quokka (4 damage)
             ... on level 1 of the Dungeon.
             The game lasted 00:00:13 (138 turns).

kae the Vexing (Demonspawn Enchanter)                Turns: 138, Time: 00:00:13

Health: 0/13       AC:  2    Str:  8    XL:     1   Next: 58%
Magic:  3/3        EV: 12    Int: 16    God:
Gold:   25         SH:  0    Dex: 13    Spells: 4/4 levels left

rFire   . . .        a - +1 dagger
rCold   . . .        (no shield)
rNeg    . . .        b - +0 robe
rPois   .            (no helmet)
rElec   .            (no cloak)
rCorr   .            (no gloves)
SInv    .            (no boots)
Will    .....        (no amulet)
Stlth   ++           (no ring)
HPRegen 0.22/turn    (no ring)
MPRegen 0.08/turn

%: no passive effects
@: no status effects
A: no striking features
a: no special abilities


You were on level 1 of the Dungeon.
You visited 1 branch of the dungeon, and saw 1 of its levels.

You collected 25 gold pieces.


   Skills:
 * Level 1.1 Short Blades
 - Level 1.7 Dodging
 + Level 2.7 Stealth
 + Level 2.0 Spellcasting
 + Level 3.0 Hexes


You had 4 spell levels left.
You didn't know any spells.
Your spell library contained the following spells:

 Spells                   Type           Power      Damage    Failure   Level
 Ensorcelled Hibernation  Hex/Ice        12%        N/A       17%         2
 Confusing Touch          Hex            11%        N/A       17%         3
 Tukima's Dance           Hex            11%        N/A       17%         3
 Dazzling Flash           Conj/Hex       12%        N/A       32%         3

Inventory:

Hand Weapons
 a - a +1 dagger (weapon)
Missiles
 h - 5 poisoned darts
Armour
 b - a +0 robe (worn)
Scrolls
 d - a scroll of poison {unknown}
 e - a scroll of summoning {unknown}
Potions
 c - 4 potions of invisibility
 f - a potion of haste {unknown}
 g - a potion of curing {unknown}

Dungeon Overview and Level Annotations

Branches:
Dungeon (1/15) Zot: 5863

Altars:

.##.....!.......#.........
........#.....###.........
............#.# #.........
........##....# #.#.......
........##..#.....##......
.g.....J#..>.#... ..###.##
........#.##...##... ...
........#.##...# .. ...
.......JB@r....#
........#.###....
.)........# . ########.##
#.# ... ... ...


You could see an endoplasm, a quokka and a giant cockroach.


Message History

A giant cockroach is nearby!
A giant cockroach is nearby!
A giant cockroach is nearby!
You hit the giant cockroach. The giant cockroach barely misses you.
You hit the giant cockroach but do no damage.
The giant cockroach misses you.
A giant cockroach is nearby!
You barely miss the giant cockroach.
The giant cockroach bites you but does no damage.
You hit the giant cockroach but do no damage.
The giant cockroach closely misses you. The giant cockroach misses you.
A giant cockroach is nearby!
You hit the giant cockroach but do no damage.
The giant cockroach barely misses you.
You hit the giant cockroach but do no damage.
The giant cockroach closely misses you.
A giant cockroach is nearby!
You barely miss the giant cockroach. The giant cockroach barely misses you.
You barely miss the giant cockroach. The giant cockroach closely misses you.
A giant cockroach is nearby!
You hit the giant cockroach but do no damage.
The giant cockroach bites you.
You hit the giant cockroach.
You kill the giant cockroach! 😕 HP[-1]
You take 1 damage, and now have 12/13 hp.
h - 5 poisoned darts 😎 HP[+1]
Your hp is fully restored (13).
No target in view!
No target in view!
Found a stone staircase leading down.
No target in view!
No target in view!
A gnoll, a giant cockroach and a frilled lizard come into view.
You see here a blue potion.
An endoplasm comes into view.
The endoplasm quivers.
There are monsters nearby!
There are monsters nearby!
The helpless frilled lizard fails to defend itself.
You puncture the frilled lizard!
You kill the frilled lizard!
Unknown command.
Unknown command.
A quokka comes into view.
The quokka moves out of view.
The giant cockroach attacks as it pursues you!
The giant cockroach barely misses you.
You barely miss the giant cockroach.
The quokka bites you but does no damage.
The giant cockroach bites you but does no damage.
You closely miss the giant cockroach. The quokka barely misses you.
The giant cockroach closely misses you.
You closely miss the giant cockroach. The quokka barely misses you.
The giant cockroach bites you but does no damage.
You closely miss the giant cockroach.
The quokka bites you but does no damage.
The giant cockroach closely misses you.
You closely miss the giant cockroach. The quokka barely misses you.
The giant cockroach bites you.
You hit the giant cockroach. The quokka bites you.
The giant cockroach misses you. The quokka barely misses you. 😮 HP[-5]
You take 5 damage, and now have 8/13 hp.
MASSIVE DAMAGE!! (PAUSE)
You closely miss the quokka. The giant cockroach barely misses you.
The quokka bites you.
* * * LOW HITPOINT WARNING * * *
The giant cockroach bites you but does no damage. 😨 HP[-3]
You take 3 damage, and now have 5/13 hp.
MASSIVE DAMAGE!! (PAUSE)
You hit the giant cockroach. The quokka closely misses you.
The giant cockroach bites you but does no damage.
You hit the giant cockroach but do no damage.
The quokka bites you but does no damage.
The giant cockroach bites you but does no damage.
The endoplasm jiggles. 😨 HP[+1] Unknown command.
You closely miss the giant cockroach. The quokka barely misses you.
The giant cockroach bites you but does no damage.
Unknown command.
You closely miss the quokka. The quokka closely misses you.
The giant cockroach bites you.
* * * LOW HITPOINT WARNING * * *
😨 HP[-1]
You take 1 damage, and now have 5/13 hp.
You hit the quokka. The quokka bites you.
* * * LOW HITPOINT WARNING * * *
The giant cockroach bites you but does no damage. 😱 HP[-2]
You take 2 damage, and now have 3/13 hp.
You barely miss the quokka. The quokka barely misses you.
The giant cockroach barely misses you. The quokka closely misses you.
Unknown command.
You closely miss the quokka. The giant cockroach barely misses you.
The quokka bites you.
You die...

Skill      XL: |  1 |
---------------+----+-----
Short Blades   | 1 |  1.1
Dodging        | |  1.7
Stealth        | |  2.7
Spellcasting   | |  2.0
Hexes          | |  3.0

Action                     || total
---------------------------++-------
  Melee: Dagger            ||    35
   Stab: Sleeping          ||     2
 Armour: Robe              ||    21
  Dodge: Dodged            ||    30

Levels and vault maps discovered:
D:1:      erik_arrival_blinker_ship, layout_rooms

Notes
Turn   | Place    | Note
-------+----------+-------------------------------------------
     0 | D:1      | kae the Demonspawn Enchanter began the quest for the Orb.
     0 | D:1      | Reached XP level 1. HP: 13/13 MP: 3/3
     0 | D:1      | magus.rc [v1.11.3]
    12 | D:1      | Reached skill level 1 in Short Blades
   136 | D:1      | HP: 3/13 [quokka (2)]
   138 | D:1      | Slain by a quokka

Vanquished Creatures
  2 giant cockroaches (D:1)
  A hobgoblin (D:1)
  A frilled lizard (D:1)
4 creatures vanquished.

Table legend:
 A = Non-vault XP
 B = Vault XP
 C = Vault XP percentage of total XP
 D = Non-vault monster count
 E = Vault monster count
 F = Vault count percentage of total count
                 A         B        C        D         E       F
            +---------+---------+-------+---------+---------+-------
      Total |       7 |       0 |   0.0 |       4 |       0 |   0.0
            +---------+---------+-------+---------+---------+-------
        D:1 |       7 |       0 |   0.0 |       4 |       0 |   0.0
            +---------+---------+-------+---------+---------+-------

Skill      XL: |  1 |
---------------+----+-----
Short Blades   | 1 |  1.1
Dodging        | |  1.7
Stealth        | |  2.7
Spellcasting   | |  2.0
Hexes          | |  3.0

Action                     || total
---------------------------++-------
  Melee: Dagger            ||    35
   Stab: Sleeping          ||     2
 Armour: Robe              ||    21
  Dodge: Dodged            ||    30

Illustrated notes

Table legend:
 A = Kills in this place as a percentage of kills in the entire game.
 B = Kills by you in this place as a percentage of kills by you in the entire game.
 C = Kills by friends in this place as a percentage of kills by friends in the entire game.
 D = Other kills in this place as a percentage of other kills in the entire game.
 E = Experience gained in this place as a percentage of experience gained in the entire game.
 F = Experience gained in this place divided by the number of levels of this place that you have seen.
                   A       B       C       D       E      F
               +-------+-------+-------+-------+-------+----------------------
         Total | 100.0 | 100.0 |   N/A |   N/A | 100.0 |   7.0
       Dungeon | 100.0 | 100.0 |   N/A |   N/A | 100.0 |   7.0
               +-------+-------+-------+-------+-------+----------------------

Table legend: (Time is in decaauts)
 A = Elapsed time spent in this place.
 B = Non-inter-level travel time spent in this place.
 C = Inter-level travel time spent in this place.
 D = Time resting spent in this place.
 E = Time spent auto-exploring this place.
 F = Levels seen in this place.
 G = Mean time per level.
                   A        B        C        D        E       F      G
               +--------+--------+--------+--------+--------+-----+--------+
         Total |    135 |    135 |      0 |      0 |     70 |   1 |  135.0 |
       Dungeon |    135 |    135 |      0 |      0 |     70 |   1 |  135.0 |
               +--------+--------+--------+--------+--------+-----+--------+

Top non-repeatable levels by time:
     D:1: 135 daAuts
